cohdb
Replays
Latest Replays
All Replays
Popular Replays
Top Player Replays
Match Explorer
How It Works
Community
CoH3 Stats
Reddit
Sign in to upload your games and track your stats! →
Sign in with Steam
Match 25509682
Unlisted
Match 25509682
Overview
Messages
Build Orders
End
Vickers Machine Gun Team
Construct Section Command Post
Selects Air and Sea Battlegroup
Dingo Light Scout Car
Dingo Light Scout Car
Vickers Machine Gun Team
Selects Supply Surplus
Construct Resource Cache
Construct Resource Cache
Construct Platoon Command Post
Construct Field Infirmary
Selects Commando Section Paradrop
Construct Company Command Post
Foot Guards Section
Selects M1 Pack Howitzer Paradrop
M1 Pack Howitzer Paradrop
Foot Guards Section
Foot Guards Section
Infantry Training
Construct Resource Cache
Selects Centaur Medium Tank
Selects Assault Flares
Assault Flares
【HAN】通幽
ConcernedApe
CallSignStrider
不玩难受
0
0
Comments
sign in to comment!
No comments posted yet!